NCAA
SOUTH FLORIDA BULLS @ BAYLOR BEARS
05/13/2026
 
TOP OF THE 1ST
South Florida Bulls batting - Pitching for Baylor Bears : RHP Walt Carter
Pitching: RHP Walt Carter
Batting: RHB Dave Anderson 0-0: Called Strike
0-1: Swinging Strike
0-2: Ball
1-2: Ball
2-2: Strikes out swinging
Batting: RHB Roberto Camacho 0-0: Called Strike
0-1: Called Strike
0-2: Ball
1-2: SINGLE (Groundball, 56D)
Batting: LHB Bob Bush 0-0: Foul Ball, location: 2F
0-1: Swinging Strike
0-2: Foul Ball, location: 2F
0-2: Ball
1-2: Grounds into double play, U6-3 (Groundball, 6M)
Top of the 1st over - 0 run(s), 1 hit(s), 0 error(s), 0 left on base; South Florida 0 - Baylor 0
BOTTOM OF THE 1ST
Baylor Bears batting - Pitching for South Florida Bulls : RHP Wade Stover
Pitching: RHP Wade Stover
Batting: RHB Jesús Medrano 0-0: Fly out, F9 (Flyball, 9M)
Batting: RHB Bill Ward 0-0: Ball
1-0: Foul Ball, location: 2F
1-1: Called Strike
1-2: Ball
2-2: Foul Ball, location: 2F
2-2: Foul Ball, location: 2F
2-2: Strikes out swinging
Batting: RHB Patrick Love 0-0: Ball
1-0: Ball
2-0: Ball
3-0: Base on Balls
Batting: RHB Nelson Burton 0-0: Ball
Patrick Love steals 2nd base
1-0: Ball
2-0: Ball
3-0: Base on Balls
Batting: LHB Cipriano Rangel 0-0: Ball
1-0: Foul Ball, location: 2F
1-1: Ball
2-1: Ball
3-1: Foul Ball, location: 2F
3-2: Strikes out swinging
Bottom of the 1st over - 0 run(s), 0 hit(s), 0 error(s), 2 left on base; South Florida 0 - Baylor 0
TOP OF THE 2ND
South Florida Bulls batting - Pitching for Baylor Bears : RHP Walt Carter
Batting: RHB Leonardo Sinisterra 0-0: Swinging Strike
0-1: Swinging Strike
0-2: Ball
1-2: Foul Ball, location: 2F
1-2: Strikes out swinging
Batting: LHB Pat Lee 0-0: Called Strike
0-1: Swinging Strike
0-2: Strikes out swinging
Batting: RHB Víctor Pérez 0-0: Called Strike
0-1: Ground out 2-3 (Groundball, 25)
Top of the 2nd over - 0 run(s), 0 hit(s), 0 error(s), 0 left on base; South Florida 0 - Baylor 0
BOTTOM OF THE 2ND
Baylor Bears batting - Pitching for South Florida Bulls : RHP Wade Stover
Batting: LHB Alejandro Muńóz 0-0: Called Strike
0-1: Ball
1-1: Hit by Pitch
Batting: RHB Arnie Williams 0-0: Ball
1-0: Ball
2-0: Ball
3-0: Called Strike
3-1: Base on Balls
Alejandro Muńóz to second
Batting: LHB Jeff Sellers 0-0: Called Strike
0-1: Ball
1-1: Grounds into double play, 4-6-3 (Groundball, 34)
Alejandro Muńóz to third
Batting: RHB Mike Armstrong 0-0: Called Strike
0-1: Ball
1-1: Swinging Strike
1-2: Foul Ball, location: 2F
1-2: Strikes out looking
Bottom of the 2nd over - 0 run(s), 0 hit(s), 0 error(s), 1 left on base; South Florida 0 - Baylor 0
TOP OF THE 3RD
South Florida Bulls batting - Pitching for Baylor Bears : RHP Walt Carter
Batting: SHB Jesús Miranda 0-0: SINGLE (Groundball, 2L) (infield hit)
Batting: RHB Warren Strathbogie 0-0: Ball
1-0: SINGLE (Groundball, 5D)
Jesús Miranda to second
Batting: LHB Eric Mendoza 0-0: Called Strike
0-1: Fly out, F9 (Flyball, 89M)
Batting: RHB Dave Anderson 0-0: Ball
1-0: Ball
2-0: Swinging Strike
2-1: Called Strike
2-2: Ball
3-2: Base on Balls
Jesús Miranda to third
Warren Strathbogie to second
Batting: RHB Roberto Camacho 0-0: Swinging Strike
0-1: SINGLE (Line Drive, 6MD)
Jesús Miranda scores
Warren Strathbogie to third
Dave Anderson to second
Batting: LHB Bob Bush 0-0: Called Strike
0-1: Swinging Strike
0-2: Strikes out swinging
Batting: RHB Leonardo Sinisterra 0-0: Ball
1-0: Foul Ball, location: 2F
1-1: SINGLE (Line Drive, 4M)
Warren Strathbogie scores
Dave Anderson to third
Roberto Camacho to second
Runner from 3rd tries for Home, SAFE, no throw or cutoff
Batting: LHB Pat Lee 0-0: 3-RUN HOME RUN (Flyball, 89XD), Distance : 380 ft
Batting: RHB Víctor Pérez 0-0: Called Strike
0-1: SINGLE (Flyball, 78S)
Batting: SHB Jesús Miranda 0-0: Ball
1-0: Called Strike
1-1: Called Strike
1-2: Foul Ball, location: 2F
1-2: Foul Ball, location: 2F
1-2: Ball
Víctor Pérez steals 2nd base
2-2: Ball
3-2: Base on Balls
Batting: RHB Warren Strathbogie 0-0: Ball
1-0: Called Strike
1-1: Ball
2-1: Foul Ball, location: 2F
2-2: Ball
3-2: Foul Ball, location: 2F
3-2: SINGLE (Flyball, 8LS)
Víctor Pérez to third
Jesús Miranda to second
Víctor Pérez scores
Jesús Miranda to third
Batting: LHB Eric Mendoza 0-0: Ball
1-0: SINGLE (Line Drive, 6MD)
Jesús Miranda scores
Warren Strathbogie to second
Batting: RHB Dave Anderson 0-0: Foul Ball, location: 2F
0-1: Foul Ball, location: 2F
0-2: Strikes out swinging
Top of the 3rd over - 8 run(s), 8 hit(s), 0 error(s), 2 left on base; South Florida 8 - Baylor 0
BOTTOM OF THE 3RD
Baylor Bears batting - Pitching for South Florida Bulls : RHP Wade Stover
Batting: RHB Jesús Medrano 0-0: Called Strike
0-1: Ball
1-1: Ball
2-1: Ball
3-1: Fly out, F8 (Flyball, 78M)
Batting: RHB Bill Ward 0-0: DOUBLE (Line Drive, 7LM)
Batting: RHB Patrick Love 0-0: Called Strike
0-1: Ball
1-1: Foul Ball, location: 2F
1-2: Foul Ball, location: 2F
1-2: Strikes out swinging
Batting: RHB Nelson Burton 0-0: Ball
1-0: Swinging Strike
1-1: SINGLE (Line Drive, 4D)
Bill Ward to third
Runner from 3rd tries for Home, SAFE, no throw or cutoff
Batting: LHB Cipriano Rangel 0-0: Called Strike
0-1: Called Strike
0-2: Ground out 4-3 (Groundball, 4)
Bottom of the 3rd over - 1 run(s), 2 hit(s), 0 error(s), 1 left on base; South Florida 8 - Baylor 1
TOP OF THE 4TH
South Florida Bulls batting - Pitching for Baylor Bears : RHP Walt Carter
Pitching: LHP Armando Palácios
Batting: RHB Roberto Camacho 0-0: Ground out 5-3 (Groundball, 5S)
Batting: LHB Bob Bush 0-0: Ball
1-0: Fly out, F9 (Flyball, 8RM)
Batting: RHB Leonardo Sinisterra 0-0: Swinging Strike
0-1: Ball
1-1: Called Strike
1-2: Ball
2-2: Foul Ball, location: 2F
2-2: Strikes out looking
Top of the 4th over - 0 run(s), 0 hit(s), 0 error(s), 0 left on base; South Florida 8 - Baylor 1
BOTTOM OF THE 4TH
Baylor Bears batting - Pitching for South Florida Bulls : RHP Wade Stover
Batting: LHB Alejandro Muńóz 0-0: Called Strike
0-1: Foul Ball, location: 2F
0-2: Ball
1-2: Ground out U3 (Groundball, 3)
Batting: RHB Arnie Williams 0-0: Called Strike
0-1: Ball
1-1: Ball
2-1: Ball
3-1: Swinging Strike
3-2: Strikes out swinging
Batting: LHB Jeff Sellers 0-0: Ball
1-0: Ball
2-0: Ball
3-0: Called Strike
3-1: Base on Balls
Batting: RHB Mike Armstrong 0-0: Called Strike
Jeff Sellers steals 2nd base
0-1: Foul Ball, location: 2F
0-2: Strikes out swinging
Bottom of the 4th over - 0 run(s), 0 hit(s), 0 error(s), 1 left on base; South Florida 8 - Baylor 1
TOP OF THE 5TH
South Florida Bulls batting - Pitching for Baylor Bears : LHP Armando Palácios
Batting: LHB Pat Lee 0-0: Ball
1-0: Called Strike
1-1: Ball
2-1: Ball
3-1: Base on Balls
Batting: RHB Víctor Pérez 0-0: Called Strike
0-1: Called Strike
0-2: Ball
1-2: Foul Ball, location: 2F
1-2: Ball
2-2: Fly out, F8 (Flyball, 8RM)
Batting: SHB Jesús Miranda 0-0: Foul Ball, location: 2F
0-1: Called Strike
0-2: Strikes out swinging
Batting: RHB Warren Strathbogie 0-0: Swinging Strike
0-1: Foul Ball, location: 2F
0-2: Ball
1-2: Ball
2-2: Ball
3-2: Base on Balls
Pat Lee to second
Batting: LHB Eric Mendoza 0-0: Ball
1-0: Foul Ball, location: 2F
1-1: Swinging Strike
1-2: Ball
2-2: Ground out 4-3 (Groundball, 4S)
Top of the 5th over - 0 run(s), 0 hit(s), 0 error(s), 2 left on base; South Florida 8 - Baylor 1
BOTTOM OF THE 5TH
Baylor Bears batting - Pitching for South Florida Bulls : RHP Wade Stover
Batting: RHB Jesús Medrano 0-0: Called Strike
0-1: Foul Ball, location: 2F
0-2: SINGLE (Groundball, 34D)
Batting: RHB Bill Ward 0-0: Ball
1-0: Called Strike
1-1: Called Strike
1-2: Foul Ball, location: 2F
1-2: Foul Ball, location: 2F
1-2: Foul Ball, location: 2F
1-2: Ball
2-2: Fly out, F8 (Flyball, 8LD)
Pitching: LHP Nesto Durango
Batting: RHB Patrick Love 0-0: Ball
Jesús Medrano steals 2nd base
1-0: Called Strike
Jesús Medrano steals 3rd base
1-1: Swinging Strike
1-2: Foul Ball, location: 2F
1-2: Strikes out swinging
Batting: RHB Nelson Burton 0-0: Ball
1-0: Swinging Strike
1-1: 2-RUN HOME RUN (Flyball, 89XD), Distance : 372 ft
Batting: LHB Cipriano Rangel 0-0: Foul Ball, location: 2F
0-1: Swinging Strike
0-2: SINGLE (Line Drive, 8RS)
Batting: LHB Alejandro Muńóz 0-0: Ball
1-0: Foul Ball, location: 2F
1-1: Foul Ball, location: 2F
1-2: Foul Ball, location: 2F
1-2: Strikes out looking
Bottom of the 5th over - 2 run(s), 3 hit(s), 0 error(s), 1 left on base; South Florida 8 - Baylor 3
TOP OF THE 6TH
South Florida Bulls batting - Pitching for Baylor Bears : LHP Armando Palácios
Batting: RHB Dave Anderson 0-0: Ball
1-0: Called Strike
1-1: Ball
2-1: Foul Ball, location: 2F
2-2: Foul Ball, location: 2F
2-2: SINGLE (Groundball, 4MD)
Batting: RHB Roberto Camacho 0-0: Called Strike
Dave Anderson steals 2nd base
0-1: Called Strike
0-2: Strikes out swinging
Batting: LHB Bob Bush 0-0: Ball
1-0: Called Strike
1-1: Swinging Strike
1-2: Strikes out swinging
Batting: RHB Leonardo Sinisterra 0-0: Ball
1-0: Foul Ball, location: 2F
1-1: Called Strike
1-2: Ground out 4-3 (Groundball, 4)
Top of the 6th over - 0 run(s), 1 hit(s), 0 error(s), 1 left on base; South Florida 8 - Baylor 3
BOTTOM OF THE 6TH
Baylor Bears batting - Pitching for South Florida Bulls : LHP Nesto Durango
Batting: RHB Arnie Williams 0-0: Called Strike
0-1: Ground out 5-3 (Groundball, 5L)
Batting: LHB Jeff Sellers 0-0: Fly out, F7 (Flyball, 78M)
Batting: RHB Mike Armstrong 0-0: Ball
1-0: Ball
2-0: Called Strike
2-1: Foul Ball, location: 2F
2-2: Foul Ball, location: 2F
2-2: Strikes out looking
Bottom of the 6th over - 0 run(s), 0 hit(s), 0 error(s), 0 left on base; South Florida 8 - Baylor 3
TOP OF THE 7TH
South Florida Bulls batting - Pitching for Baylor Bears : LHP Armando Palácios
Pitching: RHP Mack Rhodes
Batting: LHB Pat Lee 0-0: Called Strike
0-1: Called Strike
0-2: Strikes out swinging
Batting: RHB Víctor Pérez 0-0: Ground out 5-3 (Groundball, 56S)
Batting: SHB Jesús Miranda 0-0: Called Strike
0-1: Foul Ball, location: 2F
0-2: Ball
1-2: Ground out 4-3 (Groundball, 4)
Top of the 7th over - 0 run(s), 0 hit(s), 0 error(s), 0 left on base; South Florida 8 - Baylor 3
BOTTOM OF THE 7TH
Baylor Bears batting - Pitching for South Florida Bulls : LHP Nesto Durango
Batting: RHB Jesús Medrano 0-0: Called Strike
0-1: Ball
1-1: Called Strike
1-2: Ball
2-2: Strikes out swinging
Pitching: RHP Hugh Higgins
Batting: RHB Bill Ward 0-0: SOLO HOME RUN (Line Drive, 7D), Distance : 352 ft
Batting: RHB Patrick Love 0-0: Foul Ball, location: 2F
0-1: Called Strike
0-2: Strikes out swinging
Batting: RHB Nelson Burton 0-0: Ball
1-0: Ball
2-0: Ball
3-0: Called Strike
3-1: Fly out, F4 (Line Drive, 4M)
Bottom of the 7th over - 1 run(s), 1 hit(s), 0 error(s), 0 left on base; South Florida 8 - Baylor 4
TOP OF THE 8TH
South Florida Bulls batting - Pitching for Baylor Bears : RHP Mack Rhodes
Batting: RHB Warren Strathbogie 0-0: Ball
1-0: Ground out 1-3 (Groundball, 23)
Batting: LHB Eric Mendoza 0-0: Ball
1-0: Foul Ball, location: 2F
1-1: Ball
2-1: Foul Ball, location: 2F
2-2: Ball
3-2: Base on Balls
Batting: RHB Dave Anderson 0-0: Called Strike
0-1: Fly out, F4 (Line Drive, 4)
Batting: RHB Roberto Camacho 0-0: Ball
1-0: Ball
2-0: Ball
3-0: Base on Balls
Eric Mendoza to second
Batting: LHB Bob Bush 0-0: Called Strike
0-1: Ball
1-1: Ball
2-1: Called Strike
2-2: Ball
3-2: Strikes out swinging
Top of the 8th over - 0 run(s), 0 hit(s), 0 error(s), 2 left on base; South Florida 8 - Baylor 4
BOTTOM OF THE 8TH
Baylor Bears batting - Pitching for South Florida Bulls : RHP Hugh Higgins
Batting: LHB Cipriano Rangel 0-0: Swinging Strike
0-1: Called Strike
0-2: Ball
1-2: Foul Ball, location: 2F
1-2: Foul Ball, location: 2F
1-2: Ball
2-2: Foul Ball, location: 2F
2-2: Ball
3-2: Foul Ball, location: 2F
3-2: Foul Ball, location: 2F
3-2: Foul Ball, location: 2F
3-2: Strikes out swinging
Batting: LHB Alejandro Muńóz 0-0: Called Strike
0-1: Swinging Strike
0-2: Hit by Pitch
Batting: RHB Arnie Williams 0-0: Ball
1-0: Ball
2-0: Called Strike
2-1: Called Strike
2-2: Ball
Pickoff Throw to First - Out!
3-2: Foul Ball, location: 2F
3-2: Base on Balls
Batting: LHB Jeff Sellers 0-0: Ball
1-0: Foul Ball, location: 2F
1-1: Ball
2-1: Ball
3-1: Base on Balls
Arnie Williams to second
Pitching: RHP Ken Harrell
Batting: RHB Mike Armstrong 0-0: Called Strike
0-1: Foul Ball, location: 2F
0-2: Ball
1-2: Ball
2-2: Ball
3-2: Base on Balls
Arnie Williams to third
Jeff Sellers to second
Batting: RHB Jesús Medrano 0-0: Called Strike
0-1: Called Strike
0-2: Ball
1-2: Ball
2-2: SINGLE (Line Drive, 6M)
Arnie Williams scores
Jeff Sellers to third
Mike Armstrong to second
Runner from 3rd tries for Home, SAFE, no throw or cutoff
Batting: RHB Bill Ward 0-0: Ball
1-0: Called Strike
1-1: Foul Ball, location: 2F
1-2: Ball
2-2: Foul Ball, location: 2F
2-2: Strikes out swinging
Bottom of the 8th over - 2 run(s), 1 hit(s), 0 error(s), 2 left on base; South Florida 8 - Baylor 6
TOP OF THE 9TH
South Florida Bulls batting - Pitching for Baylor Bears : RHP Mack Rhodes
Batting: RHB Leonardo Sinisterra 0-0: Foul Ball, location: 2F
0-1: Foul Ball, location: 2F
0-2: Ball
1-2: Ball
2-2: Ball
3-2: Base on Balls
Batting: LHB Pat Lee 0-0: Called Strike
0-1: Foul Ball, location: 2F
0-2: Strikes out swinging
Batting: RHB Víctor Pérez 0-0: Ball
1-0: Called Strike
1-1: Foul Ball, location: 2F
1-2: Foul Ball, location: 2F
1-2: Foul Ball, location: 2F
1-2: Ball
2-2: Strikes out swinging
Batting: SHB Jesús Miranda Pickoff Throw to First - Out!
Top of the 9th over - 0 run(s), 0 hit(s), 0 error(s), 0 left on base; South Florida 8 - Baylor 6
BOTTOM OF THE 9TH
Baylor Bears batting - Pitching for South Florida Bulls : RHP Ken Harrell
Pitching: LHP Michel Bachand
Now at SS: Ronnie Rogers
Batting: RHB Patrick Love 0-0: Ball
1-0: Ball
2-0: Called Strike
2-1: Foul Ball, location: 2F
2-2: Ball
3-2: Strikes out swinging
Batting: RHB Nelson Burton 0-0: Ball
1-0: Called Strike
1-1: Swinging Strike
1-2: Foul Ball, location: 2F
1-2: Ball
2-2: Strikes out swinging
Batting: LHB Cipriano Rangel 0-0: Ball
1-0: Ground out U3 (Groundball, 3)
Bottom of the 9th over - 0 run(s), 0 hit(s), 0 error(s), 0 left on base; South Florida 8 - Baylor 6
Monday, December 5th, 2016 - OOTP Baseball 17.12 Build 75